 Dungeon Crawl Stone Soup version 0.27.1-33-g824d729ab1 (webtiles) character file.

Game seed: 17702038616981196753

182 caelumdeity the Changer (level 5, -5/41 HPs)
             Began as a Draconian Transmuter on Dec 17, 2021.
             Killed by divine providence
             ... invoked by an orc priest
              (13 damage)
             ... on level 3 of the Dungeon.
             The game lasted 00:23:44 (4018 turns).

caelumdeity the Changer (Draconian Transmuter)      Turns: 4018, Time: 00:23:44

Health: -5/41      AC:  5    Str: 14    XL:     5   Next: 34%
Magic:  8/8        EV: 12    Int: 13    God:
Gold:   75         SH:  0    Dex: 11    Spells: 7/8 levels left

rFire    . . .     SeeInvis .     - Unarmed
rCold    . . .     Faith    .   (no shield)
rNeg     + . .     Spirit   .   (armour unavailable)
rPois    .         Reflect  .   (helmet restricted)
rElec    .         Harm     .   (no cloak)
rCorr    .         Rampage  .   (no gloves)
Will     .....                  (no boots)
Stlth    ++........             (no amulet)
HPRegen  0.13/turn              g - ring of positive energy
MPRegen  0.11/turn              (no ring)

@: no status effects
A: AC +5, unfitting armour, cold-blooded
a: no special abilities


You were on level 3 of the Dungeon.
You visited 1 branch of the dungeon, and saw 3 of its levels.

You collected 75 gold pieces.

Inventory:

Jewellery
 g - a ring of positive energy (left hand)
Scrolls
 a - a scroll of teleportation {unknown}
 c - a scroll of immolation {unknown}
 d - a scroll of identify {unknown}
 e - 2 scrolls of fear {unknown}
 h - a scroll of noise {unknown}
Potions
 b - a potion of curing {unknown}
 f - a potion of lignification {unknown}


   Skills:
 + Level 2.1 Fighting
 - Level 1.7 Dodging
 + Level 1.4 Stealth
 - Level 4.0 Unarmed Combat
 - Level 2.0 Spellcasting
 * Level 4.2 Transmutations


You had 7 spell levels left.
You knew the following spells:

 Your Spells              Type           Power      Damage    Failure   Level
a - Beastly Appendage     Tmut           24%        N/A       4%          1

Your spell library contained the following spells:

 Spells                   Type           Power      Damage    Failure   Level
 Wereblood                Tmut           12%        N/A       7%          2
 Spider Form              Tmut/Pois      3%         N/A       32%         3
 Stone Arrow              Conj/Erth      2%         3d7       58%         3
 Ice Form                 Ice/Tmut       6%         N/A       71%         4
 Bolt of Magma            Conj/Fire/Erth 0%         4d4       100%        5
 Fireball                 Conj/Fire      0%         3d3       100%        5
 Iskenderun's Battlesphe  Conj           1%         2d6       100%        5
 Conjure Ball Lightning   Conj/Air       0%         3x3d6     100%        6
 Orb of Destruction       Conj           0%         N/A       100%        7
 Shatter                  Erth           0%         3d5*      100%        9


Dungeon Overview and Level Annotations

Branches:
Dungeon (3/15)

Altars:

Shops:
D:3 ?


Innate Abilities, Weirdness & Mutations

Your plain brown scales are hard. (AC +5)
You cannot fit into any form of body armour.
You are cold-blooded and may be slowed by cold attacks.


Message History

You tail-slap the orc priest, but do no damage.
The orc priest is severely wounded.
The orc priest barely misses you.
You hit the orc priest but do no damage.
The orc priest is severely wounded.
The orc priest closely misses you.
You hit the orc priest.
Your tail-slap misses the orc priest.
The orc priest is severely wounded.
The orc priest hits you but does no damage.
You barely miss the orc priest.
The orc priest is severely wounded.
The orc priest hits you with a +0 club.
You completely miss the orc priest.
The orc priest is severely wounded.
The orc priest closely misses you.
You closely miss the orc priest.
Your tail-slap misses the orc priest.
The orc priest is severely wounded.
The orc priest looks braver for a moment.
You barely miss the orc priest.
The orc priest is severely wounded.
The orc priest calls down the wrath of Beogh upon you.
Pain shoots through your body!
You hit the orc priest but do no damage.
The orc priest is severely wounded.
The orc priest closely misses you.
You hit the orc priest but do no damage.
The orc priest is severely wounded.
You hit the orc priest but do no damage.
The orc priest is severely wounded.
The orc priest hits you with a +0 club.
* * * LOW HITPOINT WARNING * * *
You hit the orc priest but do no damage.
The orc priest is severely wounded.
The orc priest hits you with a +0 club.
* * * LOW HITPOINT WARNING * * *
You closely miss the orc priest.
The orc priest is severely wounded.
The orc priest invokes the aid of Beogh against you.
Beogh smites you!
You die...

#. .. #. #. #. #.
#o#######.#
#.@........ ..
###..####.##.### #>.#
#.##... #..# #.##..#
#.####..####.##..#
#.........∩..##..####
######...###........#
#...# #.....#####
###...###.##..##...


You could see an orc priest.

Vanquished Creatures
  A centaur skeleton (D:3)
  An orc wizard (D:3)
  3 adders (D:2)
  2 worms (D:2)
  A dart slug (D:2)
  5 orcs
  6 ball pythons
  7 endoplasms
  13 giant cockroaches
  5 goblins
  11 hobgoblins
  2 quokkas (D:1)
  3 bats
  5 frilled lizards
  6 kobolds
  7 rats
78 creatures vanquished.

Notes
Turn   | Place    | Note
-------+----------+-------------------------------------------
     0 | D:1      | caelumdeity the Draconian Transmuter began the quest for
                  | the Orb.
     0 | D:1      | Reached XP level 1. HP: 16/16 MP: 3/3
   326 | D:1      | Reached XP level 2. HP: 23/23 MP: 5/5
  1638 | D:2      | Reached XP level 3. HP: 26/28 MP: 6/6
  2272 | D:2      | Reached XP level 4. HP: 34/35 MP: 7/7
  2731 | D:2      | Found a faded altar of an unknown god.
  3122 | D:3      | Noticed an ice beast
  3268 | D:3      | Found Ciotaw's Magic Scroll Shoppe.
  3309 | D:3      | Reached skill level 1 in Stealth
  3309 | D:3      | Reached XP level 5. HP: 15/41 MP: 8/8
  4018 | D:3      | Killed from afar by an orc priest

Illustrated notes

Levels and vault maps discovered:
D:1:      nzn_arrival_settlement, layout_loops_ring
D:2:      layout_rooms, basic_ecumenical_altar, dk_noncrumbling_3
D:3:      minmay_roachtagon, layout_loops_ring, serial_shops, shop

Skill      XL: |  1  2  3  4  5 |
---------------+----------------+-----
Transmutations | 3 4 |  4.2
Unarmed Combat | 4 |  4.0
Stealth        | 1 |  1.4
Fighting       | 2 |  2.1
Dodging        | |  1.7
Spellcasting   | |  2.0

Action                   |  1- 3 |  4- 6 || total
-------------------------+-------+-------++-------
Melee: Unarmed           |   169 |   180 ||   349
       Tailslap          |    11 |    12 ||    23
       Dagger            |     7 |       ||     7
       Kick              |     1 |     6 ||     7
       Headbutt          |       |     2 ||     2
       Punch             |       |     1 ||     1
 Cast: Beastly Appendage |     1 |     2 ||     3
Armor: Skin              |    48 |    56 ||   104
Dodge: Dodged            |   104 |    79 ||   183
